[Event "*** Titled Tuesday Blitz"]
[Site "Chess.com"]
[Date "2020.11.10"]
[Round "1"]
[White "oskariot"]
[Black "Basyak97"]
[Result "1-0"]
[WhiteElo "2693"]
[BlackElo "2349"]
[TimeControl "180+1"]
[EndTime "10:07:54 PST"]
[Termination "oskariot won by checkmate"]

1. e4 c5 2. Nf3 d6 3. d4 cxd4 4.
Nxd4 Nf6 5. Nc3 a6 6. f4 e6 7. Qf3 Qc7 8. g4 Nc6 9. Nb3 Be7 10. g5 Nd7 11. Be3 b5 12. O-O-O Bb7 13. Kb1 O-O-O 14. Bh3 Kb8 15. Qe2 Nb6 16. Rhg1 Nc4 17.
Bc1 Rhe8 18. f5 Bf8 19. fxe6 fxe6 20. g6 h6 21. Nd4 Nxd4 22. Rxd4 d5 23. Rf1 Bc5 24.
Rf7 Qb6 25. Rxc4 dxc4 26. Rxg7 Bd4 27. Rf7 b4 28. Na4 Qb5 29. Bxh6 Qxa4 30. Qxc4 Bb6 31. g7 Rd1+ 32. Bc1 Rdd8 33. Bxe6 Qc6 34. Rxb7+ Qxb7 35. g8=Q Rxg8 36. Bxg8 Rc8 37. Qe6 Ka8 38. Qg6 Qc7 39. Bd5+ Ka7 40. Qg2 Bd4 41. Qe2 Qe5 42. h4 a5 43. h5 Qxh5 44. Qxh5 Bb6 45. Qf7+ Rc7 46. Qxc7+ Bxc7 47. c3 Bd6 48. Kc2 Kb6 49. Kb3 Kb5 50. c4+ Kc5 51. Be3# 1-0

[Event "*** Titled Tuesday Blitz"]
[Site "Chess.com"]
[Date "2020.11.10"]
[Round "1"]
[White "davidkalashian"]
[Black "Jenia84"]
[Result "0-1"]
[WhiteElo "2605"]
[BlackElo "2319"]
[TimeControl "180+1"]
[EndTime "10:07:54 PST"]
[Termination "Jenia84 won on time"]

1. d4 Nf6 2. c4 e6 3. Nf3 b6 4. g3 Bb7 5. Bg2 Be7 6. O-O O-O 7. Re1 Na6 8. Bf4 Ne4 9. a3 d5 10. Qc2 c5 11. cxd5 Bxd5 12. Nbd2 Nxd2 13. Qxd2 cxd4 14. Qxd4 Bf6 15. Be5 Bxf3 16. Qxd8 Raxd8 17. Bxf6 gxf6 18. Bxf3 Nc5 19. b4 Nb3 20. Rad1 Nd4 21. Kg2 Nxf3 22.
Kxf3 Rfe8 23. Ke3 Kf8 24. Rxd8 Rxd8 25. Rc1 Rd7 26. Rc8+ Kg7 27. a4 f5 28. Rc6 e5 29. a5 bxa5 30. bxa5 Rd5 31. Ra6 Rd7 32. Kf3 f6 33. h4 Kg6 34. Rc6 h5 35. e3 Rd5 36. Ra6 Rd7 37. Ke2 Kf7 38. Kf3 Kg6 39.
Rc6 Rd5 40. a6 Ra5 41. Ke2 e4 42. Kf1 Ra2 43. Kg2 Ra3 44. Kf1 Ra2 0-1

[Event "*** Titled Tuesday Blitz"]
[Site "Chess.com"]
[Date "2020.11.10"]
[Round "1"]
[White "djano"]
[Black "AnishOnYoutube"]
[Result "0-1"]
[WhiteElo "2464"]
[BlackElo "2973"]
[TimeControl "180+1"]
[EndTime "10:07:55 PST"]
[Termination "AnishOnYoutube won by resignation"]

1. d4 Nf6 2. Bf4 c5 3. d5 d6 4. Nc3 e5 5. dxe6 Bxe6 6. e4 Nc6 7. Nf3 Be7 8. Be2 O-O 9. O-O Qb6 10. Rb1 Rad8 11.
Nd5 Bxd5 12. exd5 Nb8 13. Re1 Rfe8 14. h3 Nbd7 15. c3 Bf8 16. Bc4 Qc7 17. Bf1 Rxe1 18. Nxe1 Re8 19. Nf3 a6 20. c4 Ne4 21. Nd2 g6 22. Nxe4 Rxe4 23. Bg3 Bg7 24. b3 Be5 25. Bxe5 Nxe5 26. Qc2 Rd4 27. Re1 Qa5 28. Re2 Kg7 29. g3 Nf3+ 30. Kh1 Rd2 31. Rxd2 Qxd2 32.
Qxd2 Nxd2 33. Bd3 Nf3 34. Be2 Nd4 35. Bd3 f5 36. f4 Kf6 37. Kg2 g5 38. Kf2 h6 39. h4 gxh4 40. gxh4 Kg6 41. Kg3 b6 42. Bf1 Nc2 43. Bd3 Ne3 44. Kf3 Ng4 45. Kg3 Nf6 46. Kh3 Nh5 47. Bc2 Nxf4+ 48. Kg3 Nh5+ 49. Kf3 Kf6 50.
Bd1 Ke5 51. Ke3 Nf4 52. Bf3 Ng6 53. h5 Nf4 54. Bd1 Nh3 55. Bf3 Ng5 56. Bd1 f4+ 0-1

[Event "*** Titled Tuesday Blitz"]
[Site "Chess.com"]
[Date "2020.11.10"]
[Round "1"]
[White "malakismayil"]
[Black "Xtrmntr78"]
[Result "0-1"]
[WhiteElo "2237"]
[BlackElo "2568"]
[TimeControl "180+1"]
[EndTime "10:07:55 PST"]
[Termination "Xtrmntr78 won by resignation"]

1. e4 e5 2. Nf3 d5 3. exd5 Bd6 4.
Nc3 f5 5. Bb5+ Bd7 6. Bxd7+ Nxd7 7. d3 Ngf6 8. Ng5 Qe7 9. Qe2 h6 10. Nf3 a6 11. Bd2 g5 12. h3 O-O-O 13. O-O-O Rde8 14. Rde1 Qf7 15. Kb1 Rhg8 16. Qd1 Nxd5 17. Nxd5 Qxd5 18.
Bc3 h5 19. Qd2 g4 20. hxg4 hxg4 21. Nh4 Qf7 22. g3 Nb6 23. d4 Nc4 24. Qd1 e4 25. Ng2 Rh8 26. Qe2 Rh3 27. Nh4 Rxh1 28. Rxh1 e3 29. Nxf5 Qxf5 30. Qxc4 exf2 31. Rf1 Bxg3 32.
a4 Bd6 33. d5 g3 34. Bd4 g2 35.
Rxf2 g1=Q+ 36. Ka2 Qgxf2 37. Bxf2 Qxf2 38. Qg4+ Kb8 39. Qc4 Re2 40. Kb3 Re3+ 41. Ka2 Qe2 42. Qxe2 Rxe2 43.
Kb3 Rd2 44. c3 Rxd5 45. Kc4 Re5 46. b4 b5+ 47. Kb3 Re3 48. axb5 axb5 49. Kc2 Be5 50. c4 Rc3+ 51. Kd2 bxc4 52. Ke2 Kb7 53. Kd2 Kb6 54. Ke2 Kb5 55. Kd2 Kxb4 56. Ke2 Rg3 57. Kd2 c3+ 0-1

[Event "*** Titled Tuesday Blitz"]
[Site "Chess.com"]
[Date "2020.11.10"]
[Round "1"]
[White "PattyCastillo"]
[Black "AwareIdea"]
[Result "0-1"]
[WhiteElo "1964"]
[BlackElo "2496"]
[TimeControl "180+1"]
[EndTime "10:07:55 PST"]
[Termination "AwareIdea won by resignation"]

1. d4 d5 2. Nf3 Nf6 3. e3 c6 4. Bd3 Bg4 5. O-O Nbd7 6. Nbd2 e5 7. dxe5 Nxe5 8. h3 Bh5 9. Be2 Nxf3+ 10. Nxf3 Bd6 11. b3 O-O 12. Bb2 Re8 13. Nd4 Bg6 14.
Bd3 Ne4 15. c4 Qf6 16. Qc2 Be5 17. Rab1 Rad8 18. cxd5 cxd5 19. Ba1 Rc8 20. Qe2 Bb8 21.
Nf3 Qd6 22. Rfc1 Bh5 23. g4 Bg6 24. Rxc8 Rxc8 25. Be5 Qa3 26. Bxb8 Rxb8 27. Qb2 Qb4 28. a3 Qd6 29. Qe5 Qd8 30. Bxe4 Bxe4 31. Rd1 Bxf3 32.
Rd4 Be4 33. Qf4 Rc8 34. f3 Bg6 35. Qe5 f6 36. Qe6+ Bf7 37. Qf5 Qc7 38. Kf2 h6 39. h4 Qc2+ 40. Kg3 Qxf5 41. gxf5 Rc3 42. Kf4 Rxb3 43.
Ra4 a6 44. Rb4 Rxb4+ 45. axb4 b6 46. e4 dxe4 47. fxe4 a5 48. bxa5 bxa5 49. e5 fxe5+ 50. Kxe5 a4 51. Kd4 a3 52. Kc3 Bd5 0-1

[Event "*** Titled Tuesday Blitz"]
[Site "Chess.com"]
[Date "2020.11.10"]
[Round "1"]
[White "vinniethepooh"]
[Black "novocane"]
[Result "1-0"]
[WhiteElo "2613"]
[BlackElo "2295"]
[TimeControl "180+1"]
[EndTime "10:07:57 PST"]
[Termination "vinniethepooh won by resignation"]

1. d4 Nf6 2. c4 e6 3. Nc3 Bb4 4. f3 c5 5. d5 d6 6. e4 b5 7. Bd3 exd5 8. cxd5 a6 9. Ne2 c4 10. Bc2 Bc5 11. b3 cxb3 12. axb3 Bb7 13. Bg5 Nbd7 14. Nd4 O-O 15. O-O Re8 16. Kh1 Qb6 17. Nce2 Rac8 18. Qd2 h6 19. Bxh6 Bxd4 20. Nxd4 Rxc2 21. Qg5 Nh5 22.
Nxc2 Re5 23. Qd2 gxh6 24. Qxh6 Nf8 25. Ne3 Qd8 26. Nf5 Qf6 27. Qxh5 Ng6 28. Rac1 Rxf5 29. Qxf5 Qxf5 30. exf5 Ne5 31. Rc7 Bxd5 32. Rd1 Bxb3 33. Rxd6 a5 34. Rc5 Nc4 35. Rd8+ Kg7 36. Rxb5 a4 37.
Ra8 Ne3 38. g4 Bd5 39. Rxd5 Nxd5 40. Rxa4 Nc3 41. Rc4 Ne2 42. Kg2 Kf6 43. Kf2 1-0

[Event "*** Titled Tuesday Blitz"]
[Site "Chess.com"]
[Date "2020.11.10"]
[Round "1"]
[White "Vandros57"]
[Black "SamuelGhimpu2003"]
[Result "0-1"]
[WhiteElo "2198"]
[BlackElo "2547"]
[TimeControl "180+1"]
[EndTime "10:07:57 PST"]
[Termination "SamuelGhimpu2003 won on time"]

1. d4 Nf6 2. Nf3 d5 3. c4 e6 4. Nc3 c6 5. cxd5 exd5 6. Bg5 Be7 7. e3 Bf5 8. Bd3 Bxd3 9. Qxd3 Nbd7 10. O-O O-O 11.
Rac1 Re8 12. a3 a5 13. Qc2 h6 14. Bh4 Bd6 15. Rfe1 Qb8 16. Bg3 Ne4 17. Nxe4 Rxe4 18. Nd2 Re8 19. e4 Bxg3 20. hxg3 dxe4 21. Nxe4 Qa7 22. Nc5 Nf6 23. Qb3 Rxe1+ 24. Rxe1 b6 25.
Na4 b5 26. Nc5 Rd8 27. Qf3 Qc7 28. Rd1 Rd5 29. Qc3 a4 30. Qe3 Qd6 31. Rd2 h5 32. Qd3 g6 33. Qe3 Kg7 34. Qd3 Rf5 35. Qe3 Ng4 36. Qd3 Nxf2 37. Rxf2 Rxc5 38. Qe3 Rd5 39. Rf4 Qe6 40. Qf2 f5 41. Kh2 g5 42. Rf3 Qe4 43. Re3 Qxd4 44. Re7+ Kf6 45. Qe2 Re5 46. Rxe5 Qxe5 47.
Qc2 Qd6 48. Qc3+ Kg6 49. Qe3 h4 50. Qe8+ Kg7 0-1

[Event "*** Titled Tuesday Blitz"]
[Site "Chess.com"]
[Date "2020.11.10"]
[Round "1"]
[White "1977Ivan"]
[Black "lucachess49"]
[Result "1-0"]
[WhiteElo "2706"]
[BlackElo "2362"]
[TimeControl "180+1"]
[EndTime "10:07:59 PST"]
[Termination "1977Ivan won by resignation"]

1. d4 Nf6 2. Nd2 d5 3. Ngf3 c5 4. e3 Nc6 5. c3 Bg4 6. dxc5 e6 7. b4 a5 8. Bb5 Nd7 9. Bb2 axb4 10. Bxc6 bxc6 11. cxb4 Be7 12. Bxg7 Rg8 13. Bc3 Bf6 14. Qc1 Bf5 15. g3 Bd3 16. Qb2 Ra4 17.
a3 Ke7 18. Bxf6+ Nxf6 19. Ne5 Bb5 20. Nb3 Qc7 21. Nd4 Rga8 22. Nxb5 cxb5 23. O-O Ne4 24. f3 Ng5 25. h4 f6 26. hxg5 Qxe5 27. gxf6+ Kxf6 28. Qxe5+ Kxe5 29. Rfc1 Rxa3 30. Rxa3 Rxa3 31. c6 Ra8 32. g4 Rc8 33. Kf2 Kd6 34. Rc5 Rxc6 35.
Rxb5 Rc2+ 36. Kg3 Re2 37. Rb6+ Ke5 38. f4+ Kf6 39. Kf3 Re1 40. f5 Kg5 41. fxe6 Kf6 42. b5 Rb1 43. g5+ Ke7 44. Kf4 Rb4+ 45. Kf5 Rb3 46. Rb7+ Ke8 47. Rxh7 Rxb5 48. Kf6 Kd8 49. Rh8+ Kc7 50. e7 Rb6+ 51. Kf7 1-0

[Event "*** Titled Tuesday Blitz"]
[Site "Chess.com"]
[Date "2020.11.10"]
[Round "1"]
[White "Zkid"]
[Black "stolencandy13"]
[Result "1-0"]
[WhiteElo "2757"]
[BlackElo "2398"]
[TimeControl "180+1"]
[EndTime "10:08:00 PST"]
[Termination "Zkid won by resignation"]

1. d4 Nf6 2. c4 e5 3. dxe5 Ng4 4. Nf3 Bc5 5. e3 Nc6 6. Be2 Ngxe5 7. Nxe5 Nxe5 8.
O-O O-O 9. Nc3 a5 10. b3 Re8 11.
Bb2 Ra6 12. Ne4 Ba7 13. Qd5 Rae6 14. Qxa5 Bb6 15. Qc3 Qh4 16. f4 Rh6 17. h3 Rg6 18. fxe5 Qxe4 19. Bf3 Qxe3+ 20. Qxe3 Bxe3+ 21. Kh1 Bf4 22. Be4 Bxe5 23. Bxg6 hxg6 24. Rfe1 d6 25. c5 f6 26.
cxd6 cxd6 27. Rac1 Bd7 28. Bxe5 dxe5 29. a4 Be6 30. b4 Ra8 31. a5 Bd5 32. Red1 Bc6 33. Kg1 Kf7 34. Rd6 Ke7 35. Rdxc6 bxc6 36. Rxc6 Kd7 37.
Rb6 Kc7 38. Kf2 Rd8 39. Ke2 Rd4 40. Rb5 Kc6 41. Rc5+ Kd6 42. Rb5 Kc6 43. Rb6+ Kc7 44. Ke3 Rc4 45. Kd3 Rd4+ 46. Kc3 g5 47. Re6 Kd7 48. Ra6 Kc7 49. Ra7+ Kc6 50. Ra6+ Kc7 51. b5 Ra4 52. Ra7+ Kd6 53. a6 Kc5 54. Rb7 Ra3+ 55. Kb2 Ra5 56. a7 e4 57. b6 e3 58. Kc3 Ra3+ 59. Kc2 e2 60. Kd2 Ra2+ 61. Ke1 Kd4 62. Re7 Kd3 63. b7 Ra1+ 64. Kf2 Rf1+ 65. Kg3 e1=Q+ 66. Rxe1 Rxe1 67. b8=Q Re3+ 68. Kh2 1-0

[Event "*** Titled Tuesday Blitz"]
[Site "Chess.com"]
[Date "2020.11.10"]
[Round "1"]
[White "Rakhimzhan_Alen"]
[Black "MarceloPlaya"]
[Result "1-0"]
[WhiteElo "2632"]
[BlackElo "2310"]
[TimeControl "180+1"]
[EndTime "10:08:00 PST"]
[Termination "Rakhimzhan_Alen won on time"]

1. d4 e6 2. c4 Nf6 3. Nc3 Bb4 4.
Qc2 O-O 5. e4 Bxc3+ 6. bxc3 d6 7.
e5 Nfd7 8. Nf3 dxe5 9. dxe5 Nc6 10. Ba3 Re8 11. Rd1 f5 12. exf6 Qxf6 13. Bd3 g6 14.
O-O Nde5 15. Nxe5 Nxe5 16. Be2 Nf7 17. f4 b6 18. c5 Bb7 19. c4 Rad8 20. Bb2 e5 21. Rxd8 Qxd8 22. cxb6 axb6 23. fxe5 Nxe5 24. c5 Qg5 25. Bb5 Rf8 26. Rxf8+ Kxf8 27. c6 Qe3+ 28. Kf1 Ng4 29. g3 Qf3+ 30. Kg1 Ne3 31. Qf2 Qxf2+ 32. Kxf2 Bxc6 33. Ba3+ Kg7 34. Bxc6 Ng4+ 35. Kg2 Ne3+ 36.
Kf3 Nc4 37. Bc1 Ne5+ 38. Ke4 Nxc6 39. Kd5 Nb4+ 40. Kc4 Nxa2 41. Bb2+ Kf7 42. Kb3 Ke6 43. Kxa2 Kf5 44. h3 Ke4 45. Kb3 Kf3 46. Be5 Kg2 47.
h4 c5 48. Kc4 1-0

[Event "*** Titled Tuesday Blitz"]
[Site "Chess.com"]
[Date "2020.11.10"]
[Round "1"]
[White "Chuchofrio1"]
[Black "PavelShkapenko"]
[Result "0-1"]
[WhiteElo "2335"]
[BlackElo "2667"]
[TimeControl "180+1"]
[EndTime "10:08:02 PST"]
[Termination "PavelShkapenko won by resignation"]

1. d4 Nf6 2. c4 e6 3. Nc3 Bb4 4. e3 c5 5. Ne2 cxd4 6. exd4 O-O 7. a3 Be7 8. Nf4 d6 9. Bd3 e5 10. dxe5 dxe5 11. Nfd5 Nxd5 12. Nxd5 Nc6 13. O-O Bg5 14. Qh5 h6 15. Be3 Bxe3 16. fxe3 Be6 17. Rad1 Rc8 18. Nf6+ Kh8 19. Be4 Qe7 20. Nd5 Qg5 21. Qf3 Bg4 22. Qf2 Bxd1 23. Rxd1 f5 24. Bc2 e4 25. Nf4 Qf6 26. Bb3 Ne5 27. Qg3 Rcd8 28. Nd5 Qe6 29. Rf1 Nd3 30. h3 Qe5 31. Qg6 Rd6 32. Qh5 f4 33. Qxe5 Nxe5 34. exf4 Nd3 35. f5 Nxb2 36. Ne7 Re8 37. Ng6+ Kh7 38. c5 Rd3 39.
Bc2 Rd2 40. Bb1 Nd3 41. Nh4 e3 42. f6 e2 43. Re1 gxf6 44. Nf3 Rd1 45. Bxd3+ Rxd3 46. Kf2 Rxa3 47. Nh4 Rc3 48. Nf5 Rxc5 49. Ne3 Rc3 50. Ng4 Kg7 51. Ne3 Rcxe3 52. h4 R8e7 53. g4 b5 54. h5 b4 0-1

[Event "*** Titled Tuesday Blitz"]
[Site "Chess.com"]
[Date "2020.11.10"]
[Round "1"]
[White "Zhani-Z"]
[Black "AlexandraBotez"]
[Result "1-0"]
[WhiteElo "2514"]
[BlackElo "2103"]
[TimeControl "180+1"]
[EndTime "10:08:03 PST"]
[Termination "Zhani-Z won on time"]

1. e4 e6 2. d4 d5 3. Nd2 c5 4. Ngf3 Nc6 5. Bb5 dxe4 6. Nxe4 Qb6 7. Qe2 Bd7 8. dxc5 Bxc5 9. Nxc5 Qxc5 10. O-O a6 11. Bd3 h6 12. Be3 Qe7 13. Rad1 Nf6 14. Bf4 Nd5 15. Bg3 b5 16. c4 bxc4 17. Bxc4 Nb6 18. Bd6 Qf6 19. Bxa6 Ne7 20. Bd3 O-O 21. Be5 Nbd5 22. Bxf6 gxf6 23. a3 Bc6 24. Nd4 Bb7 25. Qg4+ Kh8 26. Rfe1 f5 27. Qh4 Kh7 28. Nf3 Rg8 29.
Bc4 Rg4 30. Qh3 Nf4 31. Qh4 Bxf3 32. Qxe7 Rxg2+ 33. Kf1 Rag8 34. Qxf7+ R8g7 35. Qxg7+ Kxg7 36. Rd7+ Kf8 37. Re3 Bg4 38. Rg3 Rxg3 39. hxg3 Bh3+ 40. Ke1 Bg4 41. gxf4 Bf3 42. Be2 Bc6 43. Rc7 Bd5 44. a4 Be4 45. a5 Bd5 46. a6 Ke8 47. a7 Kd8 48. Rh7 Kc8 49. b4 Be4 50. b5 Bd5 51. b6 Be4 52. Ba6+ Kd8 53. b7 1-0

[Event "*** Titled Tuesday Blitz"]
[Site "Chess.com"]
[Date "2020.11.10"]
[Round "1"]
[White "Das_Virus_2020"]
[Black "RobertoJBM"]
[Result "1/2-1/2"]
[WhiteElo "2412"]
[BlackElo "2806"]
[TimeControl "180+1"]
[EndTime "10:08:06 PST"]
[Termination "Game drawn by repetition"]

1. e4 c6 2. Nc3 d5 3. d4 dxe4 4. Nxe4 Nd7 5. Nf3 Ngf6 6. Nxf6+ Nxf6 7. Bd3 Bg4 8. c3 Qd5 9. Be2 e6 10. Be3 Bd6 11. Qb3 Qxb3 12. axb3 a6 13. b4 Nd5 14. b5 cxb5 15. Bxb5+ Ke7 16. Be2 Nxe3 17. fxe3 f6 18.
Nd2 Bxe2 19. Kxe2 Rad8 20. h3 Rhe8 21. Nc4 Bc7 22. Na5 Bxa5 23. Rxa5 Kd6 24. b4 Rc8 25.
Rc1 Rc7 26. Kd3 Rd8 27. c4 Ke7 28. c5 Rd5 29. Ra2 f5 30. Kc4 Rd8 31. b5 axb5+ 32.
Kxb5 e5 33. Rd1 Ke6 34. Kc4 Rd5 35. Rd3 g5 36. Rb2 exd4 37. exd4 Rdd7 38. d5+ Ke5 39.
Re2+ Kf6 40. d6 Rc6 41. Kd5 g4 42. hxg4 fxg4 43. Re6+ Kf5 44. Re5+ Kf6 45. Re4 Kf5 46. Re6 Rxc5+ 47. Kxc5 Kxe6 48. Re3+ Kf6 49. Kd5 h5 50. Re1 h4 51. Rf1+ Kg5 52. Ke6 Rh7 53. Rf5+ Kg6 54.
Rf6+ Kg5 55. Rf5+ Kg6 56. Rf6+ Kg5 57. Rf5+ 1/2-1/2

[Event "*** Titled Tuesday Blitz"]
[Site "Chess.com"]
[Date "2020.11.10"]
[Round "1"]
[White "Morshynska"]
[Black "Paladin61"]
[Result "0-1"]
[WhiteElo "2225"]
[BlackElo "2563"]
[TimeControl "180+1"]
[EndTime "10:08:06 PST"]
[Termination "Paladin61 won on time"]

1. Nf3 Nf6 2. g3 g6 3. Bg2 Bg7 4. O-O O-O 5. d4 d6 6. b3 c5 7.
Bb2 cxd4 8. Nxd4 d5 9. Nf3 Nc6 10. Nbd2 Re8 11. Ne5 Bf5 12. c4 Nxe5 13. Bxe5 Be6 14.
Qc2 Rc8 15. Qb2 Nh5 16. Bxg7 Nxg7 17. cxd5 Bxd5 18. e4 Bc6 19. Nc4 Ne6 20. Rfd1 Qc7 21. Rac1 Rcd8 22. Ne5 Rxd1+ 23. Rxd1 Rd8 24. Rxd8+ Nxd8 25.
Qd4 b6 26. Qc3 Qd6 27. Qd3 Qxe5 28. Qxd8+ Kg7 29. h4 Bxe4 30. Bxe4 Qxe4 31. Qd2 e5 32.
Kh2 Qd4 33. Qc2 h5 34. Kg1 e4 35. Qc7 a5 36. Qf4 Qd1+ 37. Kg2 Qd5 38. Qe3 Qc6 39. Qd4+ Kh7 40. Kh2 Qe6 41. Qa4 Qf5 42. Qd4 Qe6 43.
Qa4 Kg8 44. Qd4 Kf8 45. Qa4 Ke7 46. Qd4 Ke8 47. Qa4+ Kd8 48. Qd4+ Kc7 49. Qc3+ Kd6 50. Qd4+ Kc6 51. Qc3+ Kb7 52. Qd4 Qf5 53. Qe3 Qe5 0-1

[Event "*** Titled Tuesday Blitz"]
[Site "Chess.com"]
[Date "2020.11.10"]
[Round "1"]
[White "fm_magua"]
[Black "Sergienko_Sergey"]
[Result "0-1"]
[WhiteElo "2581"]
[BlackElo "2291"]
[TimeControl "180+1"]
[EndTime "10:08:07 PST"]
[Termination "Sergienko_Sergey won by resignation"]

1. e4 c5 2. Nf3 a6 3. Nc3 b5 4. d4 cxd4 5. Nxd4 Bb7 6. Bd3 g6 7. O-O Bg7 8. Be3 d6 9. a3 Nf6 10. f4 Nbd7 11. f5 O-O 12. Qc1 Ng4 13. Nce2 Nxe3 14. Qxe3 Rc8 15. c3 Ne5 16. Bc2 Nc4 17.
Qh3 Nxb2 18. fxg6 hxg6 19. Nf5 Nc4 20. Nxg7 Kxg7 21. Nd4 Ne5 22. Bb3 Nc4 23. Rf3 Rh8 24.
Rxf7+ Kxf7 25. Rf1+ Ke8 26. Qxh8+ Kd7 27. Qh3+ Ke8 28. Ne6 Qb6+ 29. Kh1 Qe3 30. Qg4 Ne5 31.
Qh4 Qxe4 32. Qg5 Qxg2+ 33. Qxg2 Bxg2+ 34. Kxg2 Rxc3 35. Bd5 Rxa3 36. Nd4 Kd7 37. Be6+ Kc7 38. Rc1+ Kb6 39. h4 Rd3 40. Ne2 a5 41. Nf4 Rd2+ 42. Kg3 a4 43. Nd5+ Ka5 44. Rc7 b4 45. Nxe7 b3 46. Rb7 Rd3+ 47. Kf4 Rd4+ 48. Ke3 Rxh4 49. Bd5 Rh3+ 50. Kd4 Rd3+ 51. Ke4 Rd2 52. Rb8 b2 53. Nc6+ Nxc6 54. Bxc6 a3 55. Rb5+ Ka6 56. Rb3 d5+ 57.
Bxd5 a2 58. Bc4+ Ka5 59. Rb5+ Ka4 60. Rb7 b1=Q+ 0-1

[Event "*** Titled Tuesday Blitz"]
[Site "Chess.com"]
[Date "2020.11.10"]
[Round "1"]
[White "lacafi"]
[Black "Chigorinetz"]
[Result "0-1"]
[WhiteElo "2123"]
[BlackElo "2520"]
[TimeControl "180+1"]
[EndTime "10:08:07 PST"]
[Termination "Chigorinetz won by resignation"]

1. d4 d5 2. Nf3 Nc6 3. e3 Bg4 4. Be2 Nf6 5. O-O Bxf3 6. Bxf3 e5 7. dxe5 Nxe5 8. Be2 Bd6 9. b3 Qe7 10. Bb2 O-O-O 11.
Nc3 c6 12. a4 h5 13. a5 Nfg4 14. h3 Qh4 15. Na4 Rh6 16. Qd4 Kb8 17. a6 b5 18.
Nc5 Bc7 19. Qb4 Bb6 20. Bd4 Rf6 21. f4 Ng6 22. c4 Qg3 23. hxg4 hxg4 24. Qe1 Qxe1 25.
Raxe1 dxc4 26. bxc4 Rxf4 27. Be5+ Nxe5 28. exf4 g3 29.
Rf3 Bxc5+ 30. Kf1 Rh8 31. Bd1 Nxf3 32. Bxf3 bxc4 33. Bxc6 Kc7 34. Bf3 Rh1+ 35. Ke2 Rxe1+ 36. Kxe1 c3 37. Kd1 Kb6 38. Bb7 Bd6 39. f5 Kc5 40.
Kc2 Kd4 41. Bc6 g5 42. fxg6 fxg6 43. Bf3 Be5 44. Bb7 Ke3 45. Bf3 g5 46. Bb7 Kd4 47. Bc6 Kc5 48. Bb7 Kb6 49. Bf3 Kxa6 50. Be4 Kb5 51. Bd5 Kb4 52. Be6 a5 53. Bf7 a4 54.
Be6 Kc5 55. Bf7 Kd4 56. Be6 Ke3 57. Bd5 a3 58. Kb3 Kd2 59. Be4 a2 60. Kxa2 c2 0-1

[Event "*** Titled Tuesday Blitz"]
[Site "Chess.com"]
[Date "2020.11.10"]
[Round "1"]
[White "dropstoneDP"]
[Black "TokChess"]
[Result "1-0"]
[WhiteElo "2909"]
[BlackElo "2453"]
[TimeControl "180+1"]
[EndTime "10:08:08 PST"]
[Termination "dropstoneDP won by resignation"]

1. d4 Nf6 2. Bf4 d5 3. e3 e6 4. Nf3 Bd6 5. Nbd2 c5 6. c3 O-O 7. Bd3 Qc7 8. Bxd6 Qxd6 9. e4 dxe4 10. Nxe4 Nxe4 11. Bxe4 Nd7 12. Qe2 Nf6 13. dxc5 Qxc5 14. O-O-O Bd7 15. Ne5 Bb5 16. Bd3 Bxd3 17. Rxd3 Rfd8 18.
Rhd1 Rxd3 19. Qxd3 h6 20. f4 Rc8 21. Kb1 b5 22. g4 b4 23. c4 Qf2 24. g5 hxg5 25.
fxg5 Nh5 26. g6 fxg6 27. Qxg6 Qf5+ 28. Qxf5 exf5 29. Rd7 Rf8 30. Rxa7 f4 31. Nf3 Nf6 32. Kc2 Ne4 33. Re7 Nd6 34. Kd3 Rd8 35. Re5 Ra8 36.
Rd5 Ne8 37. Rb5 Rxa2 38. Rxb4 Nf6 39. Ng5 g6 40. Ke2 Kg7 41. Kf3 Nh5 42. Ne6+ Kf6 43. Nxf4 Ng7 44. Rb6+ Kf5 45. Nxg6 Ne6 46. Ne7+ Ke5 47.
Nc6+ Kf5 48. Ke3 Ra1 49. Nd4+ Nxd4 50. Kxd4 Rd1+ 51. Kc3 Rh1 52. Rh6 Rg1 53. Kb4 Ke5 54. Kb5 Rg2 55. b4 1-0

[Event "*** Titled Tuesday Blitz"]
[Site "Chess.com"]
[Date "2020.11.10"]
[Round "1"]
[White "Kaslask"]
[Black "QuintilianoR"]
[Result "0-1"]
[WhiteElo "2350"]
[BlackElo "2693"]
[TimeControl "180+1"]
[EndTime "10:08:08 PST"]
[Termination "QuintilianoR won by checkmate"]

1. d4 Nf6 2. c4 e6 3. Nf3 Bb4+ 4. Bd2 a5 5. g3 b6 6. Bg2 Bb7 7.
O-O O-O 8. Qc2 Be4 9. Qc1 Nc6 10. Bc3 d5 11. Nbd2 Bg6 12. Rd1 Bxc3 13. Qxc3 Ne4 14.
Nxe4 Bxe4 15. cxd5 Qxd5 16. Rac1 Nb4 17. Qa3 Rac8 18. b3 Rfd8 19. Ne1 Bxg2 20. Nxg2 Qe4 21. Qb2 Rd7 22. a3 Na6 23. Qc2 Qxc2 24. Rxc2 c5 25. e3 Rcd8 26. Nf4 cxd4 27. Rxd4 Nc5 28. Rxd7 Rxd7 29.
b4 axb4 30. axb4 Nb7 31. Rc8+ Nd8 32. Rb8 Rd6 33. Ne2 Kf8 34. Nd4 Ke7 35. Nb5 Rc6 36. Nd4 Rc1+ 37. Kg2 g6 38. Ra8 e5 39. Nf3 Kf6 40. Rb8 Ne6 41. Rxb6 Rb1 42. g4 Rb2 43. h4 h6 44. Rb7 g5 45. h5 e4 46. Ne1 Ke5 47.
Kg3 f5 48. Rb5+ Kd6 49. gxf5 Nc7 50. Rb6+ Ke5 51. Rxh6 Nd5 52. Rg6 Kxf5 53. Rg8 Nf6 54. h6 Rxb4 55. h7 Nxh7 56. Rc8 Nf6 57. Rc5+ Kg6 58.
Ng2 Rb1 59. Rc6 Rh1 60. Re6 Kf5 61. Ra6 Nh5# 0-1

[Event "*** Titled Tuesday Blitz"]
[Site "Chess.com"]
[Date "2020.11.10"]
[Round "1"]
[White "MarkoPe"]
[Black "Ranindu2003"]
[Result "0-1"]
[WhiteElo "2234"]
[BlackElo "2565"]
[TimeControl "180+1"]
[EndTime "10:08:08 PST"]
[Termination "Ranindu2003 won by checkmate"]

1. e4 c5 2. Nf3 Nc6 3. d4 cxd4 4. Nxd4 e5 5. Nb5 d6 6. N1c3 a6 7. Na3 Be7 8. Be2 Nf6 9. Bg5 Be6 10. Bxf6 Bxf6 11.
Nd5 O-O 12. c3 Bg5 13. Nc2 f5 14. exf5 Bxf5 15. O-O Kh8 16. a4 Rc8 17. Bg4 Ne7 18. Nxe7 Qxe7 19. Bxf5 Rxf5 20. Nb4 Bh6 21. Nd5 Qf7 22.
Qd3 Rf8 23. f3 Rg5 24. c4 Rg6 25. Rae1 Bg5 26. b3 Rh6 27. Re2 Rh4 28. Re4 Qg6 29.
Qe2 Qh6 30. Rxh4 Qxh4 31. Rd1 h6 32. Qe4 Qh5 33. a5 Bd8 34. b4 Qg5 35. Nc3 Rf4 36. Qxb7 Rxc4 37. Nd5 e4 38. Qxa6 Rc2 39. Qf1 e3 40. f4 Qg6 41. Nxe3 Rb2 42. f5 Qf6 43. Nd5 Qe5 44. Kh1 Kh7 45. h3 Bg5 46. a6 Ra2 47. b5 Qg3 48. b6 Bf6 49. b7 Be5 50. Nf4 Bxf4 51. Qxf4 Qxg2# 0-1

[Event "*** Titled Tuesday Blitz"]
[Site "Chess.com"]
[Date "2020.11.10"]
[Round "1"]
[White "geordie_derraugh"]
[Black "amintabatabaei"]
[Result "0-1"]
[WhiteElo "2460"]
[BlackElo "2936"]
[TimeControl "180+1"]
[EndTime "10:08:09 PST"]
[Termination "amintabatabaei won by resignation"]

1. e4 c6 2. c4 d5 3. exd5 cxd5 4.
cxd5 Nf6 5. Nf3 Nxd5 6. Nc3 e6 7.
Bc4 Nc6 8. O-O Be7 9. d4 O-O 10. Re1 Bf6 11. Bb3 Nce7 12. a3 Bd7 13. Bc2 Rc8 14. Qd3 g6 15. Bh6 Re8 16. Rad1 Nxc3 17. bxc3 b5 18. Bb3 Qc7 19. Ne5 Red8 20. Ng4 Bh8 21.
Bg5 Nf5 22. Bxd8 Rxd8 23. Rc1 Be8 24. Ne3 Nd6 25. d5 e5 26. Qe2 e4 27. Ng4 f5 28.
Ne3 Qb6 29. Ba2 f4 30. Ng4 Bd7 31. h3 Rf8 32. Nh6+ Kg7 33. Ng4 h5 34. Nh2 Kh7 35. Kh1 Be5 36. f3 Nf5 37. Nf1 e3 38. Bb1 Bf6 39.
Red1 Bh4 40. Bxf5 Rxf5 41. c4 bxc4 42. Rxc4 Qd6 43. Re4 Bf2 44. Qd3 Rg5 45. Rc1 Kh6 46. Nh2 Rxd5 47. Qc2 Rd2 48. Qb3 Bg3 49. Qg8 Rd1+ 50.
Nf1 Rxc1 51. Qh8+ Kg5 52. Re5+ Bf5 53. h4+ Bxh4 0-1

[Event "*** Titled Tuesday Blitz"]
[Site "Chess.com"]
[Date "2020.11.10"]
[Round "1"]
[White "Vanina1989"]
[Black "DinaBelenkaya"]
[Result "1-0"]
[WhiteElo "2641"]
[BlackElo "2322"]
[TimeControl "180+1"]
[EndTime "10:08:09 PST"]
[Termination "Vanina1989 won by resignation"]

1. d4 d5 2. c4 dxc4 3. Nf3 Nf6 4. e3 e6 5. Bxc4 a6 6. O-O c5 7. Qe2 b5 8. Bb3 Bb7 9. Rd1 Nbd7 10. a4 Qb8 11.
axb5 axb5 12. Rxa8 Bxa8 13. Nc3 b4 14. Nb5 Be7 15. Bc2 O-O 16. dxc5 Nxc5 17. Nbd4 b3 18. Bb1 Be4 19. Bxe4 Nfxe4 20. Bd2 Qb7 21. Be1 Ra8 22. h3 h6 23. Ne5 Bf6 24. Ng4 Be7 25.
Qf3 Ra2 26. Qe2 Na4 27. Rc1 Nxb2 28. f3 Na4 29. Qc4 Nec5 30. Rb1 Qd5 31. Qb5 b2 32. Nc6 Bf6 33. Qb8+ Kh7 34. Nb4 Qb3 35. Nxf6+ gxf6 36. Qf8 Qxe3+ 37. Bf2 Ra1 38. Qxf7+ Kh8 39. Bxe3 Rxb1+ 40. Kh2 Rh1+ 41. Kxh1 b1=Q+ 42. Kh2 Qxb4 43. Qxf6+ Kg8 44. Bd4 Qb8+ 45. Be5 Qb7 46. Qh8+ Kf7 47. Qxh6 Ke8 48. Qh8+ Kd7 49. h4 Kc6 50. h5 Kd5 51. Bf4 Qc6 52. Qe5+ Kc4 53. h6 Qd7 54. Qg7 Qd5 55. h7 Qh5+ 56. Kg3 Nd3 57. h8=Q Qe5 58. Bxe5 1-0